cohdb
Replays
Latest Replays
All Replays
Popular Replays
Top Player Replays
Match Explorer
How It Works
Community
CoH3 Stats
Reddit
Sign in to upload your games and track your stats! →
Sign in with Steam
Match 45851080
Unlisted
Match 45851080
Overview
Messages
Build Orders
End
Scout Squad
Engineer Squad
Selects Special Operations Battlegroup
Engineer Squad
Construct Weapon Support Center
M1919 Machine Gun Team
M1919 Machine Gun Team
Infantry Support Center
Construct Motor Pool
Bazooka Squad
Selects Raiding Flares
M8 Greyhound Armored Car
Construct Medical Station
Selects SSF Commando Squad
SSF Commando Squad
Advanced Logistics
M1 Anti-tank Gun Team
Nostalgi@
StephennJF
0
0
Comments
sign in to comment!
No comments posted yet!